 Dungeon Crawl Stone Soup version 0.20.1-1-g8b1a95d (webtiles) character file.

2006 wolfsongas the Basher (level 9, -14/63 HPs)
             Began as a Demonspawn Fighter on Aug 3, 2017.
             Was an Initiate of Gozag.
             Demolished by an orc warrior
             ... wielding a +0 battleaxe
              (17 damage)
             ... on level 6 of the Dungeon.
             The game lasted 00:11:23 (4560 turns).

wolfsongas the Basher (Demonspawn Fighter)          Turns: 4560, Time: 00:11:24

Health: -14/63     AC: 11    Str: 19    XL:     9   Next: 2%
Magic:  9/9        EV:  4    Int: 10    God:    Gozag
Gold:   283        SH:  9    Dex: 13    Spells: 8/8 levels left

rFire    + + .     SeeInvis .   a - +0 flail
rCold    + . .     Gourm    +   c - +0 shield
rNeg     . . .     Faith    .   s - +1 chain mail
rPois    .         Spirit   .   (helmet restricted)
rElec    .         Reflect  .   q - scarf {rC+ rF+}
rCorr    .         Harm     .   r - +0 pair of gloves
MR       .....     Clarity  +   (no boots)
Stlth    ..........             t - amulet of the gourmand
Regen    0.2/turn               p - ring of wizardry
MPRegen  0.2/turn               (no ring)

@: no status effects
A: hooves 2, horns 1, clarity, fire resistance 1, powered by death 3
a: Potion Petition, Call Merchant, Bribe Branch, Renounce Religion


You were on level 6 of the Dungeon.
You worshipped Gozag.
Gozag was aware of your devotion.
You were not hungry.

You visited 2 branches of the dungeon, and saw 7 of its levels.

You collected 339 gold pieces.
You paid 56 gold pieces to Gozag.

Inventory:

Hand Weapons
 a - a +0 flail (weapon)
Armour
 c - a +0 shield (worn)
 q - a scarf of resistance (worn)
 r - a +0 pair of gloves (worn)
 s - a +1 chain mail (worn)
Jewellery
 p - a ring of wizardry (left hand)
 t - an amulet of the gourmand (around neck)
Scrolls
 b - a scroll of blinking
 e - 4 scrolls of remove curse
 g - 2 scrolls of enchant armour
 h - 4 scrolls of identify
 j - 3 scrolls of amnesia
Potions
 d - a potion of mutation {unknown}
 i - a potion of degeneration {unknown}
 m - 2 potions of flight
 n - a potion of curing
 o - a potion of lignification {unknown}
Comestibles
 f - 2 bread rations
 l - 2 meat rations
 v - a royal jelly


   Skills:
 - Level 3.0 Fighting
 * Level 10.8 Maces & Flails
 - Level 2.6 Armour
 - Level 2.6 Shields


You had 8 spell levels left.
You didn't know any spells.

Dungeon Overview and Level Annotations

Branches:
Dungeon (6/15)             Temple (1/1) D:6

Altars:
Ashenzari
Cheibriados
Dithmenos
Fedhas
Gozag
Hepliaklqana
Kikubaaqudgha
Trog
Vehumet
Xom
Yredelemnul
Zin

Shops:
D:4 ?   D:5 [


Innate Abilities, Weirdness & Mutations

You have hoof-like feet.
You have a pair of small horns on your head.
Your flesh is heat resistant. (rF+)
You regenerate a lot of health from kills.
You possess an exceptional clarity of mind.


Message History

The orc warrior is severely wounded.
The orc warrior hits you with a battleaxe!
You hit the orc warrior but do no damage.
Your kick misses the orc warrior.
The orc warrior is severely wounded.
You closely miss the orc warrior.
The orc warrior is severely wounded.
The orc warrior hits you with a battleaxe!
You closely miss the orc warrior. Your kick misses the orc warrior.
You headbutt the orc warrior, but do no damage.
The orc warrior is severely wounded.
The orc warrior hits you with a battleaxe!!
* * * LOW HITPOINT WARNING * * *
The orc priest shouts!
You barely miss the orc warrior. You kick the orc warrior.
The orc warrior is severely wounded.
You hear a shout!
The orc warrior hits you with a battleaxe!
You die...
Your body crumbles into a pile of gold.

#...)....#
#############
###....#.# #≈≈≈≈≈≈≈≈#
#......####........####
##...#..............._#
##.##.####........####
#.##.# #≈≈≈≈≈≈≈≈#
#..#.# ##########
##.#.# #.#@# #.#o#
#.#oo #.#### #.# #.# ..
#.# o. #.# #o #.# #.


You could see an orc warrior, an orc priest and an orc.

Vanquished Creatures
  Grinder (D:6)
  Prince Ribbit (D:6)
  Sigmund (D:6)
  Duvessa (D:5)
  An orc warrior (D:6)
  3 sky beasts (D:5)
  An ice beast (Temple)
  Dowan (D:5)
  A scorpion (D:5)
  A howler monkey (D:5)
  2 crimson imps (D:5)
  A jelly (D:5)
  6 orc priests
  A bullfrog skeleton (D:4)
  2 hounds
  A centaur skeleton (D:3)
  2 iguanas (D:4)
  An orc wizard (D:6)
  A worker ant (D:6)
  A worker ant zombie (D:5)
  11 adders
  A shadow imp (D:5)
  An adder zombie (D:5)
  A worm (D:3)
  3 dart slugs
  2 leopard geckos
  21 orcs
  A bat zombie (D:6)
  3 giant cockroaches
  12 goblins
  5 hobgoblins
  14 jackals
  3 quokkas
  3 ball pythons
  5 bats
  5 frilled lizards
  A giant cockroach zombie (D:6)
  9 kobolds
  10 rats
  2 rat zombies (D:6)
143 creatures vanquished.

Notes
Turn   | Place    | Note
-------+----------+-------------------------------------------
     0 | D:1      | wolfsongas the Demonspawn Fighter began the quest for the Orb.
     0 | D:1      | Reached XP level 1. HP: 18/18 MP: 1/1
    50 | D:1      | Reached skill level 2 in Maces & Flails
   178 | D:1      | Gained mutation: You regenerate a little health from kills. [demonic ancestry]
   178 | D:1      | Reached XP level 2. HP: 24/24 MP: 2/2
   545 | D:2      | Reached skill level 3 in Maces & Flails
   553 | D:2      | Gained mutation: You have large cloven feet. [demonic ancestry]
   553 | D:2      | Reached XP level 3. HP: 14/29 MP: 3/3
   865 | D:2      | Reached skill level 4 in Maces & Flails
   865 | D:2      | Gained mutation: You regenerate health from kills. [demonic ancestry]
   865 | D:2      | Reached XP level 4. HP: 26/35 MP: 4/4
  1370 | D:3      | Reached XP level 5. HP: 41/41 MP: 5/5
  1483 | D:3      | Reached skill level 5 in Maces & Flails
  1822 | D:3      | Found a glowing silver altar of Zin.
  2215 | D:4      | Gained mutation: You have a pair of small horns on your head. [demonic ancestry]
  2215 | D:4      | Reached XP level 6. HP: 47/47 MP: 6/6
  2449 | D:4      | Found Geph's Magic Scroll Shoppe.
  2467 | D:4      | Reached skill level 6 in Maces & Flails
  2549 | D:5      | Entered Level 5 of the Dungeon
  2568 | D:5      | Noticed a sky beast
  2581 | D:5      | Killed a sky beast
  2625 | D:5      | Noticed Dowan
  2625 | D:5      | Found a hazy altar of Hepliaklqana.
  2739 | D:5      | Noticed Duvessa
  2747 | D:5      | Killed Duvessa
  2747 | D:5      | Reached skill level 7 in Maces & Flails
  2747 | D:5      | Gained mutation: You regenerate a lot of health from kills. [demonic ancestry]
  2747 | D:5      | Reached XP level 7. HP: 42/52 MP: 7/7
  2753 | D:5      | Killed Dowan
  2838 | D:5      | Found a shadowy altar of Dithmenos.
  2909 | D:5      | Found Deanintus's Armour Shoppe.
  2929 | D:5      | Reached skill level 8 in Maces & Flails
  2934 | D:5      | Gained mutation: You possess an exceptional clarity of mind. [mutagenic meat]
  3423 | D:6      | Gained mutation: You have hoof-like feet. [demonic ancestry]
  3423 | D:6      | Reached XP level 8. HP: 58/58 MP: 8/8
  3429 | D:6      | Noticed Prince Ribbit
  3566 | D:6      | Noticed Grinder
  3578 | D:6      | Killed Grinder
  3578 | D:6      | Reached skill level 9 in Maces & Flails
  3603 | D:6      | Found a staircase to the Ecumenical Temple.
  3630 | Temple   | Entered the Ecumenical Temple
  3761 | Temple   | Became a worshipper of Gozag Ym Sagoz the Greedy
  3991 | D:6      | Reached skill level 10 in Maces & Flails
  4107 | D:6      | Killed Prince Ribbit
  4133 | D:6      | Noticed Sigmund
  4140 | D:6      | Killed Sigmund
  4140 | D:6      | Gained mutation: Your flesh is heat resistant. (rF+) [demonic ancestry]
  4140 | D:6      | Reached XP level 9. HP: 63/63 MP: 9/9
  4507 | D:6      | Found an ancient bone altar of Kikubaaqudgha.
  4559 | D:6      | HP: 3/63 [orc warrior/battleaxe (19)]
  4560 | D:6      | Demolished by an orc warrior

Skill      XL: |  1  2  3  4  5  6  7  8 |
---------------+-------------------------+-----
Maces & Flails | 2 3 4 5 7 8 10 | 10.8
Fighting       | |  3.0
Armour         | |  2.6
Shields        | |  2.6

Action                   |  1- 3 |  4- 6 |  7- 9 || total
-------------------------+-------+-------+-------++-------
Melee: Flail             |   114 |   240 |   276 ||   630
       Kick              |     8 |    56 |    69 ||   133
       Headbutt          |       |    11 |    49 ||    60
Invok: Potion Petition   |       |       |     1 ||     1
  Use: Scroll            |     2 |     8 |     1 ||    11
       Potion            |       |     2 |     7 ||     9
 Stab: Invisible         |       |       |     2 ||     2
  Eat: Royal jelly       |       |     3 |       ||     3
       Bread ration      |       |     2 |       ||     2
       Chunk             |       |       |     1 ||     1
Armor: Scale mail        |    88 |    51 |       ||   139
       Chain mail        |       |   130 |   144 ||   274
Dodge: Dodged            |    58 |    72 |    34 ||   164
Block: Shield            |    79 |   138 |   107 ||   324
